 Dungeon Crawl Stone Soup version 0.29.1-15-g9cfb28693d (webtiles) character file.

Game seed: 5455221468012866197

4 Barneous the Firebug (level 1, 0/13 HPs)
             Began as a Human Wanderer on Mar 13, 2023.
             Slain by a jackal (1 damage)
             ... on level 1 of the Dungeon.
             The game lasted 00:01:48 (145 turns).

Barneous the Firebug (Human Wanderer)                Turns: 145, Time: 00:01:49

Health: 0/13       AC:  5    Str: 11    XL:     1   Next: 66%
Magic:  3/3        EV: 10    Int: 15    God:
Gold:   9          SH:  0    Dex: 10    Spells: 3/4 levels left

rFire   . . .      SeeInvis .   a - +0 club
rCold   . . .      Faith    .   (no shield)
rNeg    . . .      Spirit   .   c - +0 ring mail
rPois   .          Reflect  .   (no helmet)
rElec   .          Harm     .   (no cloak)
rCorr   .          Rampage  .   (no gloves)
Will    .....                   (no boots)
Stlth   +.........              (no amulet)
HPRegen 0.04/turn               (no ring)
MPRegen 0.08/turn               (no ring)

@: flying (expiring)
A: no striking features
a: no special abilities


You were on level 1 of the Dungeon.
You visited 1 branch of the dungeon, and saw 1 of its levels.

You collected 9 gold pieces.

Inventory:

Hand Weapons
 a - a +0 club (weapon)
Armour
 c - a +0 ring mail (worn)


   Skills:
 + Level 2.0 Armour
 + Level 1.1 Dodging
 + Level 0.2 Stealth
 + Level 2.0 Spellcasting
 + Level 2.0 Summonings
 + Level 3.0 Fire Magic


You had 3 spell levels left.
You knew the following spells:

 Your Spells              Type           Power      Damage    Failure   Level
a - Foxfire               Conj/Fire      24%        2x1d5     28%         1

Your spell library contained the following spells:

 Spells                   Type           Power      Damage    Failure   Level
 Summon Small Mammal      Summ           28%        N/A       22%         1
 Ignite Poison            Fire/Tmut/Pois 4%         N/A       71%         3
 Summon Guardian Golem    Hex/Summ       4%         N/A       71%         3
 Summon Ice Beast         Ice/Summ       4%         N/A       98%         4


Dungeon Overview and Level Annotations

Branches:
Dungeon (1/15)

Altars:


Message History

You hit the jackal but do no damage. Your punch misses the jackal.
The jackal bites you. The jackal misses you.
You are too injured to fight recklessly!
You are too injured to fight recklessly!
You miss the jackal. The jackal bites you.
* * * LOW HITPOINT WARNING * * *
You hit the jackal but do no damage. The jackal closely misses you.
The jackal barely misses you.
You completely miss the jackal.
The jackal bites you but does no damage.
The jackal barely misses you.
You hit the jackal but do no damage.
The jackal bites you but does no damage.
The jackal barely misses you.
You hit the jackal.
The jackal is heavily wounded.
The jackal closely misses you. The jackal misses you.
You hit the jackal.
You kill the jackal!
You are starting to lose your buoyancy.
The jackal closely misses you.
You closely miss the jackal.
The jackal bites you but does no damage.
You barely miss the jackal. The jackal closely misses you.
The jackal bites you but does no damage.
You hit the jackal but do no damage. The jackal barely misses you.
The jackal bites you but does no damage.
You hit the jackal.
The jackal is severely wounded.
The jackal bites you.
* * * LOW HITPOINT WARNING * * *
The jackal closely misses you.
You closely miss the jackal.
The jackal is heavily wounded.
The jackal bites you but does no damage.
The jackal misses you.
You hit the jackal but do no damage.
The jackal is heavily wounded.
The jackal bites you.
You die...

#......#....##.###
#####............
#[......##.#
#####.......# ..#
###...### #.# #...# #.#
#...# #.# #...#######
#@# #.........#
#.##.##h#####...#####.#
.......h..............#
##?...................(
###.##...............#
#. ######.....####.# #
#....... # #.....###
#.....#


You could see 2 jackals.

Vanquished Creatures
  A bat (D:1)
  An endoplasm (D:1)
  A jackal (D:1)
3 creatures vanquished.

Vanquished Creatures (others)
  6 foxfires (D:1)
6 creatures vanquished.

Grand Total: 9 creatures vanquished

Notes
Turn   | Place    | Note
-------+----------+-------------------------------------------
     0 | D:1      | Barneous the Human Wanderer began the quest for the Orb.
     0 | D:1      | Barneous set off with the following items: a +0 club, a
                  | potion of attraction, a +0 ring mail; and the following
                  | spells available to memorise: Summon Small Mammal, Foxfire,
                  | Ignite Poison, Summon Guardian Golem, Summon Ice Beast.
     0 | D:1      | Reached XP level 1. HP: 13/13 MP: 3/3
     3 | D:1      | Learned a level 1 spell: Foxfire
   145 | D:1      | Slain by a jackal

Illustrated notes

Levels and vault maps discovered:
D:1:      dpeg_arrival_shelter, layout_loops_cross, serial_shops, shop, shop

Action                   || total
-------------------------++-------
Melee: Club              ||    23
 Cast: Foxfire           ||     3
  Use: Scroll            ||     1
       Potion            ||     1
Armor: Ring mail         ||    13
Dodge: Dodged            ||    28
